 Dungeon Crawl Stone Soup version 0.28-a0-535-g6f645e4c1d (webtiles) character file.

Game seed: 1544453988144851312

7 shoop the Grasshopper (level 2, 0/15 HPs)
             Began as a Vine Stalker Warper on Sept 26, 2021.
             Frozen to death by an endoplasm (4 damage)
             ... on level 1 of the Dungeon.
             The game lasted 00:00:27 (237 turns).

shoop the Grasshopper (Vine Stalker Warper)          Turns: 237, Time: 00:00:28

Health: 0/15       AC:  3    Str: 13    XL:     2   Next: 4%
Magic:  0/6        EV: 11    Int: 13    God:
Gold:   0          SH:  0    Dex: 13    Spells: 5/5 levels left

rFire   . . .      SeeInvis .   a - +0 short sword
rCold   . . .      Faith    .   (no shield)
rNeg    . . .      Spirit   +   b - +0 leather armour
rPois   .          Reflect  .   (no helmet)
rElec   .          Harm     .   (no cloak)
rCorr   .          Rampage  .   (no gloves)
Will    .....                   (no boots)
Stlth   +.........              (no amulet)
HPRegen 0.05/turn               (no ring)
MPRegen 0.10/turn               (no ring)

@: no status effects
A: fangs 2, magic shield, antimagic bite, no potion heal 2
a: no special abilities


You were on level 1 of the Dungeon.
You visited 1 branch of the dungeon, and saw 1 of its levels.

Inventory:

Hand Weapons
 a - a +0 short sword (weapon)
Missiles
 d - 5 boomerangs of dispersal (quivered)
Armour
 b - a +0 leather armour (worn)
Scrolls
 c - a scroll of blinking
 e - a scroll of teleportation {unknown}
Potions
 f - 3 potions of heal wounds {unknown}


   Skills:
 - Level 1.7 Fighting
 * Level 2.2 Short Blades
 - Level 0.8 Throwing
 - Level 0.7 Armour
 - Level 1.5 Dodging
 + Level 1.0 Stealth
 - Level 2.1 Spellcasting
 - Level 3.0 Translocations


You had 5 spell levels left.
You didn't know any spells.
Your spell library contained the following spells:

 Spells                   Type           Power      Damage    Failure   Level
 Blink                    Tloc           N/A        N/A       14%         2
 Gell's Gravitas          Tloc           4%         N/A       28%         3
 Lesser Beckoning         Tloc           9%         N/A       28%         3
 Teleport Other           Tloc           9%         N/A       28%         3
 Manifold Assault         Tloc           9%         N/A       95%         5


Dungeon Overview and Level Annotations

Branches:
Dungeon (1/15)

Altars:


Innate Abilities, Weirdness & Mutations

You have extremely sharp teeth.
When hurt, damage is shared between your health and your magic reserves.
Your bite disrupts and absorbs the magic of your enemies.
Potions cannot restore your health.


Message History

You see here a bubbling brown potion.
An endoplasm is nearby!
A bat comes into view.
An endoplasm comes into view.
Found 10 poisoned darts.
The endoplasm quivers.
The endoplasm freezes you.
You are frozen.
The helpless bat fails to defend itself.
You puncture the bat!
You kill the bat!
The endoplasm closely misses you.
You hit the endoplasm.
You bite the endoplasm, but do no damage.
The endoplasm is lightly wounded.
The endoplasm freezes you.
You are frozen.
You are too injured to fight recklessly!
You are too injured to fight recklessly!
You are too injured to fight recklessly!
You see here a bubbling brown potion.
You hit the endoplasm but do no damage. The endoplasm completely misses you.
You hit the endoplasm.
You bite the endoplasm, but do no damage.
The endoplasm is heavily wounded.
The endoplasm hits you.
You hit the endoplasm.
You kill the endoplasm!
Your Stealth skill increases to level 1!
You have reached level 2!
You hit the endoplasm but do no damage.
You bite the endoplasm, but do no damage.
The endoplasm hits you.
* * * LOW HITPOINT WARNING * * *
You hit the endoplasm.
You bite the endoplasm, but do no damage.
The endoplasm is lightly wounded.
The endoplasm freezes you.
You are frozen.
You die...

###.......#
#.......###
#.......#
##.......##
..........#
####......#
#####.#.#.###
......J.....#
#####.#@#.#.#
(#####.#.#?#.#
....J.†..# # #
.#.....###
#.####


You could see an endoplasm.

Vanquished Creatures
  2 bats (D:1)
  2 endoplasms (D:1)
  A giant cockroach (D:1)
  A kobold (D:1)
  A rat (D:1)
7 creatures vanquished.

Notes
Turn   | Place    | Note
-------+----------+-------------------------------------------
     0 | D:1      | shoop the Vine Stalker Warper began the quest for the Orb.
     0 | D:1      | Reached XP level 1. HP: 11/11 MP: 4/4
   236 | D:1      | Reached skill level 1 in Stealth
   236 | D:1      | Reached XP level 2. HP: 5/15 MP: 1/6
   237 | D:1      | Frozen to death by an endoplasm

Illustrated notes

Levels and vault maps discovered:
D:1:      scummos_arrival_star, layout_loops_ring,
          shapermc_ecumenical_altar_mp_ritualfount, serial_park_tiny_1

Skill      XL: |  1 |
---------------+----+-----
Short Blades   | 2 |  2.2
Stealth        | 1 |  1.0
Fighting       | |  1.7
Throwing       | |  0.8
Armour         | |  0.7
Dodging        | |  1.5
Spellcasting   | |  2.1
Translocations | |  3.0

Action                   || total
-------------------------++-------
Melee: Short sword       ||    25
       Bite              ||    10
 Stab: Sleeping          ||     1
Armor: Leather armour    ||     3
Dodge: Dodged            ||    15

Table legend: (Time is in decaauts)
 A = Elapsed time spent in this place.
 B = Non-inter-level travel time spent in this place.
 C = Inter-level travel time spent in this place.
 D = Time resting spent in this place.
 E = Time spent auto-exploring this place.
 F = Levels seen in this place.
 G = Mean time per level.
                   A        B        C        D        E       F      G
               +--------+--------+--------+--------+--------+-----+--------+
         Total |    237 |    237 |      0 |      0 |    195 |   1 |  237.0 |
       Dungeon |    237 |    237 |      0 |      0 |    195 |   1 |  237.0 |
               +--------+--------+--------+--------+--------+-----+--------+

Top non-repeatable levels by time:
     D:1: 237 daAuts
